Map: Through the Darkness

Players

Tesla - Winner!

  • Race: Protoss Protoss

CustyBB

  • Race: Protoss Protoss

VOD

Have the link to the VOD?

Description

Time

  • Played on: Oct. 9, 2016, 10:55 a.m.
  • Length: 8:34
Show
View Real Time Build Order
Export as new Build Order

Tesla Protoss - Winner!

Build Orders:  

Get SALT Encoding   

  12  0:01  Probe (Chrono Boost)  
  13  0:12  Probe (Chrono Boost)  
  14  0:19  Pylon  
  14  0:22  Probe (Chrono Boost)  
  15  0:37  Probe (Chrono Boost)  
  15  0:41  Gateway  
  16  0:48  Probe (Chrono Boost)  
  17  0:58  Probe (Chrono Boost)  
  17  1:01  Assimilator  
  18  1:09  Probe (Chrono Boost)  
  19  1:12  Pylon  
  19  1:19  Probe (Chrono Boost)  
  20  1:28  Cybernetics Core  
  20  1:31  Probe (Chrono Boost)  
  21  1:42  Probe (Chrono Boost)  
  22  1:49  Nexus  
  22  1:52  Probe (Chrono Boost)  
  23  1:58  Assimilator  
  23  2:03  Probe (Chrono Boost)  
  24  2:14  Mothership Core (Chrono Boost)  
  26  2:20  Gateway  
  26  2:24  Gateway  
  26  2:31  Pylon  
  26  2:32  Probe (Chrono Boost)  
  27  2:38  Warp Gate  
  27  2:42  Probe (Chrono Boost)  
  27  2:43  Adept  
  30  2:48  Pylon  
  30  2:54  Probe (Chrono Boost)  
  32  3:06  Probe (Chrono Boost)  
  32  3:08  Robotics Facility  
  32  3:11  Probe (Chrono Boost)  
  33  3:14  Sentry  
  33  3:19  Probe (Chrono Boost)  
  36  3:25  Probe (Chrono Boost)  
  37  3:27  Stalker  
  37  3:32  Probe (Chrono Boost)  
  40  3:36  Adept  
  40  3:37  Probe (Chrono Boost)  
  43  3:48  Gateway  
  43  3:52  Twilight Council  
  45  3:56  Probe x2 (Chrono Boost)  
  45  4:03  Stalker  
  45  4:05  Stalker  
  45  4:08  Probe x2 (Chrono Boost)  
  51  4:18  Observer  
  51  4:20  Probe x2 (Chrono Boost)  
  51  4:24  Assimilator  
  54  4:25  Resonating Glaives  
  54  4:28  Assimilator  
  54  4:31  Pylon  
  56  4:32  Probe x2 (Chrono Boost)  
  56  4:39  Warp Prism  
  56  4:44  Probe (Chrono Boost)  
  60  4:46  Probe (Chrono Boost)  
  60  4:56  Adept x3  
  60  4:58  Probe (Chrono Boost)  
  67  5:04  Forge  
  67  5:06  Pylon  
  67  5:10  Stalker, Probe (Chrono Boost)  
  70  5:20  Pylon  
  70  5:22  Pylon  
  70  5:25  Probe (Chrono Boost)  
  70  5:26  Pylon  
  70  5:27  Probe (Chrono Boost)  
  72  5:33  Stalker x3  
  78  5:38  Stalker  
  80  5:46  Immortal  
  84  5:55  Gateway  
  84  5:59  Pylon  
  84  6:04  Gateway  
  84  6:05  Pylon  
  84  6:08  Stalker  
  86  6:14  Stalker x2  
  88  6:29  Stalker  
  86  6:33  Stalker  
  86  6:39  Adept  
  84  6:40  Adept  
  84  6:42  Immortal  
  72  6:55  Stalker  
  70  7:02  Stalker x3  
  70  7:07  Adept x2  
  80  7:22  Immortal  
  86  7:23  Mothership Core (Chrono Boost), Adept  
  86  7:24  Adept  
  90  7:35  Adept  
  90  7:36  Adept x3  
  98  7:42  Stalker  
  100  7:47  Stalker  
  100  8:00  Stalker x2  
  100  8:01  Adept  
  102  8:14  Stalker  
  102  8:17  Stalker  
  102  8:18  Stalker  
Show
View Real Time Build Order
Export as new Build Order

CustyBB Protoss 

Build Orders: Blink Stalkers 

Get SALT Encoding   

  12  0:01  Probe (Chrono Boost)  
  13  0:12  Probe (Chrono Boost)  
  14  0:19  Pylon  
  14  0:24  Probe (Chrono Boost)  
  15  0:37  Probe (Chrono Boost)  
  16  0:46  Gateway  
  16  0:48  Probe (Chrono Boost)  
  17  0:51  Assimilator  
  17  0:58  Probe (Chrono Boost)  
  18  1:09  Probe (Chrono Boost)  
  19  1:20  Probe (Chrono Boost)  
  20  1:28  Pylon  
  20  1:31  Probe (Chrono Boost)  
  21  1:36  Cybernetics Core  
  21  1:42  Probe (Chrono Boost)  
  22  1:54  Nexus  
  22  1:57  Probe (Chrono Boost)  
  23  2:09  Warp Gate  
  23  2:15  Mothership Core (Chrono Boost)  
  25  2:20  Assimilator  
  25  2:22  Pylon  
  25  2:33  Probe (Chrono Boost)  
  27  2:44  Probe (Chrono Boost)  
  27  2:50  Gateway  
  27  2:51  Gateway  
  27  2:55  Probe (Chrono Boost)  
  27  2:57  Gateway  
  28  3:05  Probe (Chrono Boost)  
  29  3:23  Stalker  
  29  3:26  Probe (Chrono Boost)  
  33  3:28  Probe (Chrono Boost)  
  33  3:36  Twilight Council  
  33  3:37  Probe (Chrono Boost)  
  35  3:42  Probe (Chrono Boost)  
  35  3:44  Stalker x2  
  35  3:45  Stalker  
  41  3:49  Probe (Chrono Boost)  
  42  3:57  Blink  
  42  4:00  Gateway  
  44  4:02  Probe (Chrono Boost)  
  44  4:04  Pylon, Probe (Chrono Boost)  
  43  4:13  Probe (Chrono Boost)  
  44  4:19  Gateway  
  44  4:23  Probe (Chrono Boost)  
  45  4:25  Probe (Chrono Boost)  
  45  4:26  Pylon  
  46  4:35  Stalker  
  46  4:36  Stalker  
  50  4:45  Stalker  
  52  4:46  Stalker  
  54  4:58  Stalker x2  
  58  5:10  Pylon, Probe (Chrono Boost)  
  58  5:12  Stalker x2, Probe (Chrono Boost)  
  64  5:28  Gateway  
  64  5:34  Stalker x2  
  68  5:39  Probe (Chrono Boost)  
  69  5:43  Assimilator  
  69  6:00  Probe (Chrono Boost)  
  69  6:01  Probe (Chrono Boost)  
  69  6:02  Stalker x2  
  75  6:16  Pylon  
  75  6:17  Pylon  
  69  6:33  Stalker x3  
  68  6:42  Stalker x2  
  68  6:43  Stalker  
  56  6:59  Stalker x2  
  52  7:02  Probe (Chrono Boost)  
  52  7:03  Probe (Chrono Boost)  
  52  7:06  Assimilator  
  50  7:12  Probe (Chrono Boost)  
  52  7:15  Probe (Chrono Boost)  
  52  7:23  Stalker x3  
  52  7:24  Stalker  
  52  7:26  Nexus  
  52  7:28  Pylon, Stalker  
  62  7:32  Stalker  
  63  7:41  Stalker  
  65  7:49  Stalker x2  
  69  8:04  Pylon  
  69  8:06  Pylon  
Tags
 
Add a new tag
Caveats
  • Supply blocks, unpowered buildings, or Contaminate may cause inaccurate times.
  • Supply counts are checked every 10 seconds.